Construct Section Command Post
Selects Air and Sea Battlegroup
Construct Field Infirmary
Construct Platoon Command Post
Selects Commando Section Paradrop
Selects M1 Pack Howitzer Paradrop
Unlock Bishop Self-propelled Artillery
M1 Pack Howitzer Paradrop
M1 Pack Howitzer Paradrop
Bishop Self-propelled Artillery
Bishop Self-propelled Artillery
Bishop Self-propelled Artillery
Commando Section Paradrop
Selects Incendiary Bombing Run
Commando Section Paradrop
Bishop Self-propelled Artillery
Construct Company Command Post
Unlock Towed 17-pounder Anti-tank Guns
17-pounder Anti-tank Gun Team
17-pounder Anti-tank Gun Team
Selects Naval Bombardment
Bishop Self-propelled Artillery
Bishop Self-propelled Artillery